 Dungeon Crawl Stone Soup version 0.30-a0-321-gf7783e6616 (webtiles) character file.

Game seed: 6563835848140979524

155 Caerun the Shooter (level 5, -5/39 HPs)
             Began as a Formicid Hunter on Oct 27, 2022.
             Slain by an ogre
             ... wielding a +0 giant spiked club
              (12 damage)
             ... on level 4 of the Dungeon.
             The game lasted 00:03:10 (2323 turns).

Caerun the Shooter (Formicid Hunter)                Turns: 2323, Time: 00:03:12

Health: -5/39      AC: 10    Str: 16    XL:     5   Next: 63%
Magic:  5/5        EV:  7    Int:  8    God:
Gold:   219        SH:  0    Dex: 19    Spells: 4/4 levels left

rFire   . . .      SeeInvis +    a - +0 shortbow
rCold   . . .      Faith    .    (no shield)
rNeg    . . .      Spirit   .    d - +0 chain mail
rPois   .          Reflect  .    (helmet unavailable)
rElec   .          Harm     .    (no cloak)
rCorr   .          Rampage  .    g - +0 pair of gloves
Will    .....                    (no boots)
Stlth   ..........               (no amulet)
HPRegen 0.26/turn                (no ring)
MPRegen 0.09/turn                (no ring)

@: no status effects
A: permanent stasis, dig shafts and tunnels, antennae 3, four strong arms
a: Dig, Shaft Self


You were on level 4 of the Dungeon.
You visited 1 branch of the dungeon, and saw 4 of its levels.

You collected 219 gold pieces.

Inventory:

Hand Weapons
 a - a +0 shortbow (weapon)
Armour
 d - a +0 chain mail (worn)
 g - a +0 pair of gloves (worn)
Jewellery
 m - a ring of positive energy
Scrolls
 b - a scroll of immolation
 c - 3 scrolls of teleportation {unknown}
 l - a scroll of vulnerability {unknown}
Potions
 e - a potion of berserk rage {unknown}
 f - 2 potions of curing {unknown}
 h - a potion of brilliance {unknown}
 i - a potion of might {unknown}
 j - 2 potions of experience {unknown}
 k - a potion of attraction {unknown}


   Skills:
 + Level 2.6 Fighting
 + Level 5.2 Ranged Weapons
 + Level 2.6 Armour
 + Level 1.8 Dodging
 * Level 3.0 Stealth


You had 4 spell levels left.
You didn't know any spells.
Your spell library contained the following spells:

 Spells                   Type           Power      Damage    Failure   Level
 Scorch                   Fire           0%         2d5       100%        2
 Sublimation of Blood     Necr           0%         N/A       100%        2
 Flame Wave               Conj/Fire      0%         2d4       100%        4
 Petrify                  Tmut/Erth      0%         N/A       100%        4
 Irradiate                Conj/Tmut      0%         3d11      100%        5
 Summon Cactus Giant      Summ           0%         N/A       100%        6


Dungeon Overview and Level Annotations

Branches:
Dungeon (4/15)
 Temple: D:4-7

Altars:
The Shining One

Annotations:
D:3 Pargi


Innate Abilities, Weirdness & Mutations

You cannot be hasted, slowed, berserked, paralysed or teleported.
You can dig through walls and to a lower floor.
You have a pair of large antennae on your head. (SInv)
Your four strong arms can wield two-handed weapons with a shield.


Message History

An ogre comes into view. It is wielding a +0 giant spiked club.
The adder bites you.
You shoot an arrow. The arrow hits the adder!
You kill the adder!
You hear a bark!
A hound comes into view.
Your Ranged Weapons skill increases to level 5!
You shoot an arrow. The arrow hits the hound!
The hound is heavily wounded.
The hound bites you. The kobold hits you but does no damage.
The hound closely misses you.
The kobold hits you with a +0 short sword.
The ogre attacks as you move away! The ogre barely misses you.
The hound bites you but does no damage.
You shoot an arrow. The arrow hits the hound.
The hound is severely wounded.
The hound barely misses you. The hound bites you but does no damage.
You shoot an arrow. The arrow barely misses the hound.
The arrow hits the kobold.
You kill the kobold!
The hound bites you.
The hound pauses to sniff the ground.
The hound bites you but does no damage. The hound bites you.
You shoot an arrow. The arrow hits the hound!
You kill the hound!
The ogre hits you with a +0 giant spiked club!!
Ouch! That really hurt!
* * * LOW HITPOINT WARNING * * *
Your Stealth skill increases to level 3!
You are too injured to fight recklessly!
You are too injured to fight recklessly!
You aren't carrying any items that you can evoke.
Okay, then.
Fire: a) +0 shortbow
Press: ? - help, Q - select action, (/) - cycle Shift-Dir - straight line, f - ogre
Aim: an ogre, wielding a +0 giant spiked club (77% to hit)
You shoot an arrow.
The arrow hits the ogre but does no damage.
The ogre hits you with a +0 giant spiked club!
You die...

..#######.#.#
#......##.#.#####
{
#.......#.#.....#
#.......#.#####.#
#......)#.# #.#
##+#<...#.# #.#
#..†.####.# #.#
#.........# #O#
#....###### #@#
#....# ........#
###### .########


You could see an ogre.

Vanquished Creatures
  2 hounds (D:4)
  5 adders
  A worm (D:2)
  6 bats
  4 endoplasms
  2 giant cockroaches
  4 goblins
  2 hobgoblins (D:1)
  3 jackals (D:2)
  5 kobolds
  A quokka (D:2)
  A ball python (D:2)
  5 frilled lizards
  4 rats
45 creatures vanquished.

Notes
Turn   | Place    | Note
-------+----------+-------------------------------------------
     0 | D:1      | Caerun the Formicid Hunter began the quest for the Orb.
     0 | D:1      | Reached XP level 1. HP: 16/16 MP: 1/1
   215 | D:1      | Reached XP level 2. HP: 22/22 MP: 2/2
   872 | D:2      | Reached skill level 1 in Armour
   872 | D:2      | Reached XP level 3. HP: 16/28 MP: 3/3
  1102 | D:2      | You fall into a shaft and drop 2 floors!
  1134 | D:4      | Noticed a black bear
  1355 | D:2      | Reached XP level 4. HP: 33/34 MP: 4/4
  1887 | D:3      | Noticed Pargi
  1888 | D:3      | Found a glowing golden altar of the Shining One.
  2210 | D:4      | Reached XP level 5. HP: 24/39 MP: 5/5
  2295 | D:4      | Noticed an ogre
  2297 | D:4      | Reached skill level 5 in Ranged Weapons
  2323 | D:4      | Slain by an ogre

Illustrated notes

Levels and vault maps discovered:
D:1:      dpeg_arrival_ternary, layout_basic, minmay_misc_feat_hallway
D:2:      layout_loops_ring
D:3:      layout_loops_corners, tso_metal_star, uniq_pargi
D:4:      black_bear_nest_2, layout_basic, temple_hall, minmay_quantized

Skill      XL: |  1  2  3  4  5 |
---------------+----------------+-----
Armour         | 1 2 |  2.6
Stealth        | 2 3 |  3.0
Ranged Weapons | 5 |  5.2
Fighting       | |  2.6
Dodging        | |  1.8

Action                   |  1- 3 |  4- 6 || total
-------------------------+-------+-------++-------
 Fire: Shortbow          |    64 |    58 ||   122
 Abil: Dig               |     2 |       ||     2
Armor: Chain mail        |    34 |    39 ||    73
Dodge: Dodged            |     8 |    15 ||    23

Table legend: (Time is in decaauts)
 A = Elapsed time spent in this place.
 B = Non-inter-level travel time spent in this place.
 C = Inter-level travel time spent in this place.
 D = Time resting spent in this place.
 E = Time spent auto-exploring this place.
 F = Levels seen in this place.
 G = Mean time per level.
                   A        B        C        D        E       F      G
               +--------+--------+--------+--------+--------+-----+--------+
         Total |   2409 |   2354 |     55 |      0 |   1919 |   4 |  602.2 |
       Dungeon |   2409 |   2354 |     55 |      0 |   1919 |   4 |  602.2 |
               +--------+--------+--------+--------+--------+-----+--------+

Top non-repeatable levels by time:
     D:1: 873 daAuts
     D:2: 744 daAuts
     D:3: 624 daAuts
     D:4: 167 daAuts
